AoeStats
← oslepov1

Arabia

509914052Analyzed
1v1 RM · 4d ago on Sep 28, 2026· 62m 45s· 2 players
Game mode
Random Map
Map size
Tiny (2 player)
Population
200
Speed
Normal
Resources
Standard
Victory
Conquest
Starting age
Dark Age
Ending age
Imperial Age
RankedLock teamsTeams togetherTeam positionsShared explorationLock speedFull tech treeHidden civsTurbo modeCheats
Victory
Defeat
🇭🇰 Chinese · Hong Kong SAR China
524
+20
🇬🇧 Lithuanians · United Kingdom
624
-44
amuroeric
0:32 Loom
11:29 Feudal Age
13:22 Double-Bit Axe
13:20 Horse Collar
21:48 Castle Age
21:43 Gold Mining
22:48 Thumb Ring
22:09 Crossbowman
24:08 Wheelbarrow
25:02 Fletching
25:13 Padded Archer Armor
27:10 Heavy Plow
27:21 Bow Saw
27:51 Gold Shaft Mining
28:57 Bodkin Arrow
29:18 Leather Archer Armor
41:50 Squires
41:12 Pikeman
43:05 Stone Mining
43:26 Arson
46:21 Imperial Age
50:17 Chemistry
49:47 Rocketry
50:39 Bracer
51:10 Ring Archer Armor
50:13 Elite Fire Lancer
53:54 Wheelbarrow
53:17 Arrowslits
55:59 Elite Chu Ko Nu
56:47 Bracer
58:13 Ring Archer Armor
57:46 Scale Mail Armor
59:17 Capped Ram
61:31 Forging
61:37 Chain Mail Armor
61:41 Masonry
oslepov1
7:19 Loom
10:58 Feudal Age
11:39 Double-Bit Axe
11:36 Horse Collar
18:21 Bloodlines
24:38 Castle Age
24:06 Scale Barding Armor
24:12 Forging
27:17 Bow Saw
27:08 Heavy Plow
27:41 Husbandry
32:54 Chain Barding Armor
41:52 Iron Casting
61:08 Imperial Age
63:42 Plate Barding Armor
Connection lost

Rejoining the realm…

Still unreachable

The connection could not be restored.

Session expired

The server has moved on; the page needs a fresh start.